Map: Abyssal Reef LE

Players

Optimus - Winner!

  • Race: Terran Terran
  • Spawn Location: 11:00

Slowstupid

  • Race: Protoss Protoss
  • Spawn Location: 5:00

Event: WCS Valencia 2017

VOD

Have the link to the VOD?

Description

Time

  • Played on: July 13, 2017, 6:31 a.m.
  • Length: 8:17

All games in this series

Show
View Real Time Build Order
Export as new Build Order

Optimus Terran - Winner!

Build Orders: Cyclone Opening, Reaper Expand, MMM Bio 

Get SALT Encoding   

  12  0:00  SCV  
  13  0:12  SCV  
  14  0:17  Supply Depot  
  14  0:24  SCV  
  15  0:28  Refinery  
  15  0:38  SCV  
  16  0:44  Barracks  
  16  0:50  SCV  
  17  1:03  SCV  
  18  1:15  SCV  
  19  1:31  Orbital Command, Reaper  
  20  1:44  Command Center  
  20  1:55  Factory  
  20  1:59  SCV  
  21  2:06  Barracks Reactor  
  21  2:10  Supply Depot  
  21  2:13  SCV  
  22  2:19  Refinery  
  22  2:25  SCV  
  23  2:37  SCV  
  23  2:42  Cyclone  
  23  2:43  Marine x2  
  29  2:49  SCV  
  30  2:58  Orbital Command  
  30  3:01  Marine x2  
  30  3:02  SCV  
  33  3:14  SCV  
  34  3:22  Cyclone  
  34  3:23  Cyclone  
  34  3:25  Marine  
  41  3:28  SCV x2  
  43  3:34  Supply Depot  
  43  3:40  SCV x2  
  45  3:49  Supply Depot  
  45  3:52  SCV  
  46  3:56  SCV  
  46  3:59  Marine x2  
  46  4:01  Barracks x2  
  49  4:03  Factory Tech Lab  
  49  4:06  SCV  
  49  4:08  SCV  
  51  4:18  SCV  
  51  4:20  Marine x2, SCV  
  55  4:27  Factory Tech Lab  
  55  4:30  SCV, Supply Depot  
  56  4:32  SCV  
  56  4:38  Marine x2  
  59  4:42  SCV  
  59  4:44  SCV  
  61  4:46  Command Center  
  61  4:54  SCV  
  61  4:56  SCV, Starport  
  63  5:01  Factory Reactor  
  63  5:05  Stimpack, Marauder x2, Marine x2  
  68  5:09  SCV x2  
  68  5:12  Refinery, Supply Depot  
  70  5:15  Supply Depot  
  66  5:24  SCV  
  64  5:29  Marauder x2  
  64  5:31  Marine  
  64  5:32  Marine, SCV  
  65  5:36  SCV  
  65  5:39  Barracks  
  65  5:42  Barracks, Factory Reactor, Supply Depot  
  65  5:44  SCV  
  65  5:45  Medivac  
  65  5:46  Medivac  
  65  5:48  Combat Shields  
  70  5:52  SCV  
  70  5:53  Marine  
  70  5:54  Marine  
  70  5:56  SCV  
  70  5:57  Marauder  
  76  5:59  Marauder  
  78  6:04  Orbital Command  
  78  6:08  Engineering Bay  
  78  6:10  Engineering Bay  
  78  6:12  SCV x2  
  78  6:15  Marine, Refinery  
  78  6:16  Marine  
  82  6:22  Marauder  
  82  6:23  Marauder  
  86  6:26  SCV  
  86  6:28  Orbital Command  
  86  6:29  Barracks Tech Lab  
  86  6:31  Factory Reactor  
  87  6:33  SCV, Marine  
  87  6:34  Marine x2  
  87  6:35  Marine  
  92  6:44  Marauder  
  92  6:45  Marauder  
  96  6:51  Concussive Shells  
  96  6:55  Marine x2  
  100  7:03  Medivac x2  
  100  7:05  Marine x2  
  100  7:06  Supply Depot  
  106  7:08  SCV  
  106  7:09  SCV x2  
  106  7:11  Marine  
  106  7:13  Supply Depot  
  108  7:17  Supply Depot  
  108  7:21  SCV  
  109  7:24  Supply Depot  
  109  7:27  Widow Mine x2  
  109  7:28  SCV  
  111  7:32  SCV  
  111  7:33  Marine x2  
  111  7:35  Marine x2  
  103  7:45  Marine  
  103  7:46  Marauder x2  
  103  7:51  Marine  
  105  7:53  SCV  
  105  7:58  Barracks  
  105  7:59  Barracks, Command Center  
  105  8:00  Barracks  
  105  8:02  Armory  
  105  8:03  Supply Depot  
Show
View Real Time Build Order
Export as new Build Order

Slowstupid Protoss 

Build Orders:  

Get SALT Encoding   

  12  0:01  Probe (Chrono Boost)  
  13  0:11  Probe (Chrono Boost)  
  14  0:19  Pylon  
  14  0:22  Probe (Chrono Boost)  
  15  0:37  Probe (Chrono Boost), Gateway  
  16  0:47  Probe (Chrono Boost)  
  17  0:52  Assimilator  
  17  0:58  Probe (Chrono Boost)  
  18  1:08  Probe (Chrono Boost)  
  19  1:19  Probe (Chrono Boost)  
  19  1:24  Cybernetics Core  
  20  1:29  Probe (Chrono Boost)  
  20  1:30  Pylon  
  21  1:41  Probe (Chrono Boost)  
  22  1:51  Assimilator  
  22  1:52  Probe (Chrono Boost)  
  23  2:00  Stalker  
  25  2:07  Nexus  
  25  2:15  Mothership Core (Chrono Boost)  
  27  2:26  Pylon  
  27  2:33  Probe (Chrono Boost)  
  29  2:44  Probe (Chrono Boost)  
  29  2:45  Warp Gate (Chrono Boost)  
  28  2:54  Probe (Chrono Boost)  
  28  2:56  Sentry  
  31  3:02  Forge  
  31  3:05  Probe (Chrono Boost)  
  32  3:16  Probe (Chrono Boost)  
  33  3:23  Probe (Chrono Boost)  
  33  3:26  Probe (Chrono Boost)  
  35  3:33  Probe (Chrono Boost)  
  36  3:37  Probe  
  36  3:40  Protoss Ground Armor Level 1 (Chrono Boost), Robotics Facility  
  37  3:43  Pylon  
  37  3:47  Gateway  
  37  3:51  Gateway  
  37  3:53  Probe  
  39  3:55  Probe  
  39  4:06  Probe  
  39  4:07  Probe  
  41  4:17  Pylon  
  41  4:18  Probe  
  41  4:19  Probe  
  43  4:30  Probe  
  43  4:31  Immortal  
  48  4:32  Probe  
  47  4:50  Stalker  
  42  4:53  Sentry  
  42  4:54  Sentry  
  46  5:12  Probe  
  47  5:15  Pylon  
  47  5:21  Warp Prism  
  45  5:29  Protoss Ground Weapons Level 1 (Chrono Boost)  
  39  5:36  Probe  
  39  5:39  Stalker x3  
  46  6:04  Nexus  
  46  6:07  Immortal  
  46  6:09  Sentry  
  52  6:15  Zealot  
  54  6:20  Pylon  
  54  6:36  Twilight Council  
  54  6:40  Zealot  
  54  6:41  Zealot x2  
  59  7:08  Pylon  
  59  7:09  Pylon  
  58  7:16  Probe, Immortal  
  60  7:32  Stalker x3  
  40  8:01  Stalker  
  40  8:02  Stalker x2  
Tags
 
Add a new tag
Caveats
  • Supply blocks, unpowered buildings, or Contaminate may cause inaccurate times.
  • Supply counts are checked every 10 seconds.